 Dungeon Crawl Stone Soup version 0.25-a0-424-g80bd347ae0 (webtiles) character file.

Game seed: 6471058432912587864, levelgen mode: deterministic

79 Esekla the Gusty (level 4, -5/31 HPs)
             Began as a Human Air Elementalist on Jan 20, 2020.
             Killed by divine providence
             ... invoked by an orc priest
              (11 damage)
             ... on level 3 of the Dungeon.
             The game lasted 00:14:01 (2064 turns).

Esekla the Gusty (Human Air Elementalist)           Turns: 2064, Time: 00:14:02

Health: -5/31      AC:  2    Str:  9    XL:     4   Next: 62%
Magic:  7/7        EV: 13    Int: 16    God:
Gold:   74         SH:  0    Dex: 13    Spells: 2/8 levels left

rFire    . . .     SeeInvis .   g - +0 dagger
rCold    . . .     Gourm    .   (no shield)
rNeg     . . .     Faith    .   a - +0 robe
rPois    .         Spirit   .   (no helmet)
rElec    .         Reflect  .   (no cloak)
rCorr    .         Harm     .   (no gloves)
MR       .....                  (no boots)
Stlth    ++........             (no amulet)
HPRegen  0.10/turn              (no ring)
MPRegen  0.10/turn              (no ring)

@: no status effects
A: no striking features
a: no special abilities


You were on level 3 of the Dungeon.
You were very hungry.

You visited 1 branch of the dungeon, and saw 4 of its levels.

You collected 74 gold pieces.

Inventory:

Hand Weapons
 g - a +0 dagger (weapon)
Missiles
 i - 5 boomerangs (quivered)
Armour
 a - a +0 robe (worn)
Scrolls
 b - a scroll of teleportation {unknown}
 d - a scroll of blinking {unknown}
 f - a scroll of remove curse
 j - a scroll of identify
Potions
 e - a potion of curing
 h - a potion of heal wounds
 k - a potion of lignification {unknown}
 l - a potion of invisibility {unknown}
Comestibles
 c - 4 rations


   Skills:
 + Level 0.7 Fighting
 + Level 0.3 Short Blades
 * Level 3.1 Dodging
 - Level 2.0 Stealth
 * Level 2.6 Spellcasting
 * Level 1.6 Conjurations
 * Level 0.1 Charms
 + Level 3.3 Air Magic


You had 2 spell levels left.
You knew the following spells:

 Your Spells              Type           Power        Failure   Level  Hunger
a - Shock                 Conj/Air       ##..         7%          1    #......
b - Swiftness             Chrm/Air       #.......     14%         2    ##.....
c - Static Discharge      Conj/Air       ##......     22%         3    ###....

Your spell library contained the following spells:

 Spells                   Type           Power        Failure   Level  Hunger
 Airstrike                Air            ##........   43%         4    #####..
 Lightning Bolt           Conj/Air       ##........   89%         5    ######.


Dungeon Overview and Level Annotations

Branches:
Dungeon (4/15)
 Temple: D:4-7

Altars:


Message History

The goblin shouts!
You hear a shout!
A leopard gecko comes into view.
An adder comes into view.
The adder moves out of view.
The adder hisses angrily.
The goblin barely misses you. The goblin hits you with a +0 dagger.
The leopard gecko bites you. The leopard gecko bites you.
The orc priest invokes the aid of Beogh against you.
Beogh smites you!
* * * LOW HITPOINT WARNING * * *
The goblin hits you with a +0 dagger.
* * * LOW HITPOINT WARNING * * *
2 orcs come into view.
The orc shouts! x2
A rat comes into view.
The orc moves out of view.
The orc priest mumbles some strange prayers to Beogh against you.
Beogh smites you!
You die...

*,.......''......'....'.........
*,......o##.o....#....#.........
*,......o*#o.....#....#.........
#.........#......#....#.........
#.....[...#......#....#.........
#.........#..o...######.........
#.........#......# #.........
###...............# ***##########
.....#.......Sgl@.# *,,,,,,*
..o...............#**,,,,,,**####
.o....>...........'.+,,,,,,+,....
......#...#.......###,,,,,,**#...
#####.#...#......o.,,,,,,,,* #...
* #.#...######....,,,,,,,* #... *
#.##.......#...r.******* ####
#####..........#.....* ****
...............#********,,******


You could see an orc priest, an adder, 3 orcs, a leopard gecko, a goblin and a
rat (wandering).

Vanquished Creatures
  A crimson imp (D:2)
  An ooze (D:3)
  A worm (D:3)
  A dart slug (D:1)
  A leopard gecko (D:2)
  A ball python (D:2)
  6 bats
  2 giant cockroaches
  3 hobgoblins
  A quokka (D:3)
  4 frilled lizards
  7 goblins
  2 kobolds
  4 rats
35 creatures vanquished.

Notes
Turn   | Place    | Note
-------+----------+-------------------------------------------
     0 | D:1      | Esekla the Human Air Elementalist began the quest for the
                  | Orb.
     0 | D:1      | Reached XP level 1. HP: 13/13 MP: 3/3
   378 | D:1      | Reached XP level 2. HP: 3/20 MP: 0/5
   791 | D:2      | Noticed a crimson imp
  1116 | D:3      | Reached XP level 3. HP: 20/25 MP: 2/6
  1312 | D:2      | Reached XP level 4. HP: 31/31 MP: 2/7
  1459 | D:1      | Learned a level 2 spell: Swiftness
  1463 | D:1      | Learned a level 3 spell: Static Discharge
  2064 | D:3      | Killed from afar by an orc priest

Levels and vault maps discovered:
D:1:      minmay_arrival_cross, layout_loops_ring, roderic_serpentine_path,
          hangedman_abyss_or_decor_stabs, chequers_serial_rivers_large_a
D:2:      layout_basic, grunt_ministairs_2
D:3:      minmay_bubble_buster, layout_basic
D:4:      layout_rooms, nicolae_ru_sacrificial_ziggurat,
          kiku_gazebo_garden_becter, first_ration, kennysheep_potato

Skill      XL: |  1  2  3 |
---------------+----------+-----
Dodging        | 3 |  3.1
Fighting       | |  0.7
Short Blades   | |  0.3
Stealth        | |  2.0
Spellcasting   | |  2.6
Conjurations   | |  1.6
Charms         | |  0.1
Air Magic      | |  3.3

Action                   |  1- 3 |  4- 6 || total
-------------------------+-------+-------++-------
Melee: Unarmed           |    14 |       ||    14
       Dagger            |    19 |    32 ||    51
 Cast: Shock             |    31 |    14 ||    45
  Use: Scroll            |     4 |     1 ||     5
 Stab: Sleeping          |     2 |     2 ||     4
  Eat: Chunk             |       |     3 ||     3
Armor: Robe              |    47 |     9 ||    56
Dodge: Dodged            |    96 |    35 ||   131

Table legend:
 A = Non-vault XP
 B = Vault XP
 C = Vault XP percentage of total XP
 D = Non-vault monster count
 E = Vault monster count
 F = Vault count percentage of total count
                 A         B        C        D         E       F
            +---------+---------+-------+---------+---------+-------
      Total |     109 |       4 |   3.5 |      33 |       2 |   5.7
            +---------+---------+-------+---------+---------+-------
        D:1 |      23 |       0 |   0.0 |      15 |       0 |   0.0
        D:2 |      64 |       4 |   5.9 |       9 |       2 |  18.2
        D:3 |      22 |       0 |   0.0 |       9 |       0 |   0.0
            +---------+---------+-------+---------+---------+-------
